 Dungeon Crawl Stone Soup version 0.23.2-30-g0e89c35649 (webtiles) character file.

Game seed: 17599279462524383740

221 Artanis the Skirmisher (level 5, 0/48 HPs)
             Began as a Hill Orc Fighter on June 22, 2019.
             Killed from afar by Natasha (6 damage)
             ... with a magic dart
             ... on level 3 of the Dungeon.
             The game lasted 00:17:11 (2532 turns).

Artanis the Skirmisher (Hill Orc Fighter)           Turns: 2532, Time: 00:17:11

Health: 0/48       AC:  9    Str: 19    XL:     5   Next: 98%
Magic:  5/5        EV:  7    Int:  9    God:
Gold:   79         SH:  9    Dex: 10    Spells: 4/4 levels left

rFire    . . .     SeeInvis .   a - +0 war axe
rCold    . . .     Gourm    .   c - +0 shield
rNeg     . . .     Faith    .   s - +2 scale mail {rPois}
rPois    +         Spirit   .   (no helmet)
rElec    .         Reflect  .   (no cloak)
rCorr    .         Harm     .   (no gloves)
MR       .....                  (no boots)
Stlth    +.........             r - amulet of inaccuracy (curse)
HPRegen  0.16/turn              n - ring of stealth
MPRegen  0.09/turn              (no ring)

@: no status effects
A: no striking features
a: no special abilities


You were on level 3 of the Dungeon.
You were not hungry.

You visited 1 branch of the dungeon, and saw 3 of its levels.

You collected 79 gold pieces.

Inventory:

Hand Weapons
 a - a +0 war axe (weapon)
 d - a +0 morningstar
 j - a +0 mace
 v - a +0 morningstar
Missiles
 p - 17 poisoned needles
 q - 27 bolts
Armour
 c - a +0 shield (worn)
 g - a +0 chain mail
 s - a +2 scale mail of poison resistance (worn)
 t - a +0 plate armour
Jewellery
 n - a ring of stealth (left hand)
 r - a cursed amulet of inaccuracy (around neck)
Wands
 u - a wand of polymorph (7)
Scrolls
 h - a scroll of fear
 l - 9 scrolls of teleportation
 o - a scroll of amnesia {unknown}
Potions
 b - a potion of brilliance
 e - a potion of degeneration {unknown}
 i - a potion of berserk rage {unknown}
 k - a potion of invisibility {unknown}
 m - a potion of heal wounds {unknown}
Comestibles
 f - 3 rations


   Skills:
 + Level 5.4 Fighting
 + Level 5.0 Axes
 + Level 4.8 Armour
 - Level 3.3 Shields


You had 4 spell levels left.
You didn't know any spells.
Your spell library was empty.

Dungeon Overview and Level Annotations

Branches:
Dungeon (3/15)

Altars:

Annotations:
D:3 Natasha


Message History

You completely miss the white imp. The white imp gestures at you.
The puff of frost hits you! You block Natasha's attack.
Natasha howls an incantation.
Natasha shimmers violently.
Natasha mumbles some strange words.
The white imp gestures at you. The puff of frost hits you!
* * * LOW HITPOINT WARNING * * *
The iron imp hits you.
* * * LOW HITPOINT WARNING * * *
You miss Natasha.
Natasha is severely wounded.
You hit the white imp. You hit the iron imp but do no damage.
The white imp hits you.
* * * LOW HITPOINT WARNING * * *
The white imp freezes you.
* * * LOW HITPOINT WARNING * * *
Natasha stares at you and mumbles some strange words.
The magic dart hits you.
You die...

#.....#...........#... ..
###.....................## .#
##..)....##.........#..#..# ..##.
#....#...###...#.......##.##.#...
#....#....##......# #)..#.......#
.................## #.#..#.......
..................###.##.........
..................5..............
#####...........@h(..............
# #..........5#5).............. #
##.........##................ #
#.#####...##...............< #
#.# ###.#####.............
######.# #..# ##[#....#.....
)...##.### ##.###..##...##### #
###......# ##....รท.## .### .#
#......# ##...##### ## ..


You could see an iron imp, Natasha, a crimson imp and a white imp.

Vanquished Creatures
  A hound (D:3)
  2 orc wizards (D:3)
  Terence (D:2)
  Natasha (D:3)
  2 adders (D:3)
  An ooze (D:3)
  2 dart slugs
  12 orcs (D:3)
  3 ball pythons
  4 bats
  3 giant cockroaches
  4 goblins
  6 hobgoblins
  3 kobolds
  2 quokkas
  3 frilled lizards (D:2)
  5 rats
55 creatures vanquished.

Notes
Turn   | Place    | Note
-------+----------+-------------------------------------------
     0 | D:1      | Artanis the Hill Orc Fighter began the quest for the Orb.
     0 | D:1      | Reached XP level 1. HP: 19/19 MP: 1/1
   239 | D:1      | Reached XP level 2. HP: 27/27 MP: 2/2
   965 | D:2      | Noticed Terence
   971 | D:2      | Reached XP level 3. HP: 31/33 MP: 3/3
   973 | D:2      | Killed Terence
  1301 | D:2      | Reached XP level 4. HP: 41/41 MP: 4/4
  1761 | D:3      | Noticed Natasha
  1783 | D:3      | Killed Natasha
  1790 | D:3      | Reached XP level 5. HP: 16/47 MP: 5/5
  1797 | D:3      | Reached skill level 5 in Fighting
  1845 | D:3      | Noticed Natasha
  2477 | D:3      | Reached skill level 5 in Axes
  2532 | D:3      | Killed from afar by Natasha

Skill      XL: |  1  2  3  4  5 |
---------------+----------------+-----
Axes           | 3 4 5 |  5.0
Fighting       | 4 5 |  5.4
Armour         | 4 |  4.8
Shields        | |  3.3

Action                   |  1- 3 |  4- 6 || total
-------------------------+-------+-------++-------
Melee: War axe           |    92 |   153 ||   245
  Use: Potion            |     1 |     1 ||     2
       Scroll            |       |     7 ||     7
  Eat: Ration            |     1 |     1 ||     2
Armor: Chain mail        |    52 |    13 ||    65
       Scale mail        |       |    69 ||    69
Dodge: Dodged            |    19 |    35 ||    54
Block: Shield            |    45 |    68 ||   113
